[ AOE2 MATCH · #504920919 ]
UnrankedMongols vs Portuguese
Player's team · WIN
Rival team · LOSS
[ REPLAY ANALYSIS · EXTRACTED FROM THE RECORDED GAME ]
Feudal
11:14
Castle
22:21
Imperial
—
| APM avg | 26.0 |
| APM peak | 49 |
| eAPM avg | 12.3 |
| Villagers / military | 38 / 26 |
Focus
⚔️ 28.0% · 🌾 72.0%
Archer ×19 · Skirmisher ×5 · Militia ×2
Feudal
9:11
Castle
—
Imperial
—
| APM avg | 56.7 |
| APM peak | 105 |
| eAPM avg | 19.9 |
| Villagers / military | 38 / 20 |
Focus
⚔️ 25.7% · 🌾 74.3%
Archer ×19 · Scout Cavalry ×1
Match map
Initial resources + every placement click. Lines = walls · curves = elevation contours. ◆ gold · ⬟ stone · ● berries · ✦ relic · ◌ wall gap
Your base· Open — unwalled flank
RevientaELP's base· Open — 4t gap
Smoothed initial terrain · ◌ = detected wall gap · hover for details
Inputs per minute
— CapoT - - RevientaELP
Build order — CapoT
104 actions detected in the replay
| 0:01 | Queue | Villager (Male) |
| 0:01 | Queue | Villager (Male) |
| 0:03 | Build | House |
| 0:04 | Build | House |
| 0:49 | Queue | Villager (Male) |
| 1:11 | Queue | Villager (Male) |
| 1:30 | Queue | Villager (Male) |
| 1:59 | Queue | Villager (Male) |
| 2:13 | Queue | Villager (Male) |
| 2:16 | Build | Lumber Camp |
| 2:44 | Queue | Villager (Male) |
| 2:44 | Queue | Villager (Male) |
| 3:47 | Queue | Villager (Male) |
| 3:50 | Build | House |
| 4:03 | Queue | Villager (Male) |
| 4:03 | Queue | Villager (Male) |
| 4:29 | Queue | Villager (Male) |
| 4:46 | Build | Barracks |
| 5:10 | Queue | Villager (Male) |
| 5:25 | Build | House |
| 5:34 | Build | House |
| 5:41 | Queue | Militia |
| 5:41 | Queue | Militia |
| 5:43 | Queue | Villager (Male) |
| 6:03 | Queue | Villager (Male) |
| 6:24 | Build | Mill |
| 6:31 | Queue | Villager (Male) |
| 6:54 | Queue | Villager (Male) |
| 7:49 | Queue | Villager (Male) |
| 7:51 | Queue | Villager (Male) |
| 8:05 | Research | Loom |
| 8:34 | Build | Mining Camp |
| 8:38 | Research | Feudal Age |
| 9:25 | Build | Farm |
| 10:11 | Queue | Villager (Male) |
| 11:14 | Age | Feudal Age |
| 11:18 | Build | Archery Range |
| 11:21 | Build | Archery Range |
| 11:24 | Build | Blacksmith |
| 11:27 | Research | Double-Bit Axe |
| 11:28 | Queue | Villager (Male) |
| 11:30 | Build | Farm |
| 11:33 | Build | Farm |
| 11:35 | Build | House |
| 12:10 | Queue | Villager (Male) |
| 12:12 | Build | Farm |
| 12:20 | Queue | Archer |
| 12:22 | Queue | Archer |
| 12:38 | Research | Fletching |
| 12:40 | Queue | Villager (Male) |
| 12:41 | Queue | Villager (Male) |
| 13:07 | Research | Padded Archer Armor |
| 13:08 | Queue | Skirmisher |
| 13:10 | Queue | Skirmisher |
| 13:11 | Queue | Skirmisher |
| 13:46 | Queue | Villager (Male) |
| 13:46 | Queue | Villager (Male) |
| 13:46 | Queue | Villager (Male) |
| 13:57 | Queue | Archer |
| 13:59 | Queue | Archer |
| 14:01 | Queue | Archer |
| 14:01 | Queue | Archer |
| 14:13 | Queue | Villager (Male) |
| 14:22 | Build | Farm |
| 14:37 | Build | House |
| 14:41 | Build | House |
| 15:13 | Build | Farm |
| 15:17 | Queue | Archer |
| 15:18 | Queue | Archer |
| 15:31 | Build | Farm |
| 15:43 | Queue | Archer |
| 15:44 | Queue | Archer |
| 15:53 | Build | House |
| 15:56 | Build | Palisade Wall |
| 16:00 | Queue | Villager (Male) |
| 16:23 | Queue | Villager (Male) |
| 16:24 | Queue | Archer |
| 16:25 | Queue | Archer |
| 16:28 | Queue | Villager (Male) |
| 16:36 | Build | Farm |
| 16:40 | Build | Farm |
| 16:45 | Build | House |
| 16:46 | Build | House |
| 17:11 | Build | Farm |
| 17:12 | Queue | Villager (Male) |
| 17:23 | Build | Farm |
| 17:57 | Queue | Villager (Male) |
| 18:04 | Queue | Villager (Male) |
| 18:25 | Queue | Villager (Male) |
| 18:32 | Build | Market |
| 19:24 | Queue | Villager (Male) |
| 19:27 | Queue | Skirmisher |
| 19:28 | Queue | Skirmisher |
| 19:41 | Research | Castle Age |
| 20:29 | Build | Farm |
| 20:35 | Queue | Archer |
| 20:35 | Queue | Archer |
| 20:37 | Queue | Archer |
| 20:37 | Queue | Archer |
| 20:39 | Queue | Archer |
| 20:43 | Queue | Archer |
| 21:30 | Queue | Archer |
| 21:32 | Queue | Villager (Male) |
| 22:21 | Age | Castle Age |
Build order — RevientaELP
114 actions detected in the replay
| 0:01 | Queue | Villager (Male) |
| 0:02 | Queue | Villager (Male) |
| 0:02 | Queue | Villager (Male) |
| 0:03 | Build | House |
| 0:04 | Build | House |
| 0:11 | Queue | Villager (Male) |
| 1:30 | Queue | Villager (Male) |
| 1:30 | Queue | Villager (Male) |
| 1:50 | Build | Lumber Camp |
| 1:53 | Queue | Villager (Male) |
| 1:53 | Queue | Villager (Male) |
| 2:11 | Queue | Villager (Male) |
| 2:11 | Queue | Villager (Male) |
| 2:40 | Queue | Villager (Male) |
| 3:13 | Queue | Villager (Male) |
| 3:14 | Queue | Villager (Male) |
| 3:44 | Queue | Villager (Male) |
| 3:44 | Queue | Villager (Male) |
| 3:49 | Build | House |
| 4:15 | Build | Mill |
| 4:26 | Queue | Villager (Male) |
| 4:26 | Queue | Villager (Male) |
| 5:03 | Queue | Villager (Male) |
| 5:12 | Research | Loom |
| 6:01 | Queue | Villager (Male) |
| 7:01 | Research | Feudal Age |
| 7:14 | Build | Barracks |
| 7:18 | Build | Palisade Wall |
| 7:20 | Build | Palisade Wall |
| 7:25 | Build | Palisade Wall |
| 7:25 | Build | Palisade Wall |
| 7:40 | Queue | Villager (Male) |
| 7:53 | Build | Palisade Wall |
| 7:54 | Build | Palisade Wall |
| 8:03 | Build | Palisade Wall |
| 8:22 | Build | Palisade Wall |
| 9:11 | Age | Feudal Age |
| 9:12 | Build | Archery Range |
| 9:16 | Build | House |
| 9:24 | Queue | Villager (Male) |
| 9:40 | Build | Mining Camp |
| 9:42 | Queue | Villager (Male) |
| 10:02 | Queue | Archer |
| 10:03 | Queue | Archer |
| 10:12 | Queue | Villager (Male) |
| 10:20 | Queue | Archer |
| 10:43 | Build | Blacksmith |
| 10:55 | Queue | Archer |
| 11:32 | Research | Fletching |
| 11:33 | Queue | Archer |
| 11:37 | Queue | Villager (Male) |
| 11:41 | Build | House |
| 12:08 | Queue | Archer |
| 12:15 | Build | House |
| 12:19 | Queue | Villager (Male) |
| 12:39 | Build | Farm |
| 13:02 | Build | Palisade Wall |
| 13:39 | Queue | Villager (Male) |
| 13:42 | Build | Archery Range |
| 13:48 | Build | Palisade Wall |
| 13:49 | Queue | Villager (Male) |
| 13:54 | Build | Palisade Wall |
| 13:58 | Queue | Archer |
| 14:08 | Build | Farm |
| 14:12 | Build | Farm |
| 14:15 | Build | Mill |
| 14:52 | Build | Farm |
| 14:52 | Queue | Villager (Male) |
| 14:56 | Build | Farm |
| 15:17 | Queue | Villager (Male) |
| 15:27 | Build | House |
| 15:34 | Queue | Villager (Male) |
| 15:41 | Build | Palisade Wall |
| 15:52 | Build | Palisade Wall |
| 16:09 | Build | Stable |
| 16:18 | Build | Farm |
| 16:20 | Queue | Villager (Male) |
| 16:30 | Build | House |
| 16:32 | Queue | Archer |
| 16:32 | Queue | Archer |
| 16:51 | Build | Farm |
| 16:53 | Queue | Villager (Male) |
| 17:00 | Queue | Scout Cavalry |
| 17:06 | Queue | Villager (Male) |
| 17:17 | Build | Palisade Wall |
| 17:24 | Build | Farm |
| 17:48 | Queue | Archer |
| 17:48 | Queue | Archer |
| 17:48 | Queue | Archer |
| 17:48 | Queue | Archer |
| 17:49 | Queue | Archer |
| 17:49 | Queue | Archer |
| 18:03 | Build | Watch Tower |
| 18:05 | Build | Palisade Wall |
| 18:20 | Build | Watch Tower |
| 18:24 | Queue | Villager (Male) |
| 18:29 | Build | Palisade Wall |
| 18:33 | Build | House |
| 18:35 | Build | House |
| 19:03 | Queue | Villager (Male) |
| 19:16 | Queue | Villager (Male) |
| 19:37 | Queue | Villager (Male) |
| 20:07 | Build | Mining Camp |
| 20:33 | Queue | Archer |
| 20:33 | Queue | Archer |
| 20:41 | Build | Palisade Wall |
| 21:00 | Build | Palisade Wall |
| 21:17 | Queue | Villager (Male) |
| 21:27 | Build | Market |
| 21:33 | Queue | Archer |
| 21:33 | Queue | Archer |
| 21:55 | Build | Farm |
| 22:00 | Build | House |
| 22:01 | Build | House |
Match timeline
| 4:46 | CapoT · first_building Barracks |
| 7:14 | RevientaELP · first_building Barracks |
| 7:18 | RevientaELP · wall_segment Palisade Wall x1 |
| 7:20 | RevientaELP · wall_segment Palisade Wall x1 |
| 7:25 | RevientaELP · wall_segment Palisade Wall x1 |
| 7:25 | RevientaELP · wall_segment Palisade Wall x1 |
| 7:53 | RevientaELP · wall_segment Palisade Wall x1 |
| 7:54 | RevientaELP · wall_segment Palisade Wall x1 |
| 8:03 | RevientaELP · wall_segment Palisade Wall x1 |
| 8:22 | RevientaELP · wall_segment Palisade Wall x2 |
| 9:11 | RevientaELP · age_up feudal |
| 9:12 | RevientaELP · first_building Archery Range |
| 11:14 | CapoT · age_up feudal |
| 11:18 | CapoT · first_building Archery Range |
| 13:02 | RevientaELP · wall_segment Palisade Wall x6 |
| 13:48 | RevientaELP · wall_segment Palisade Wall x8 |
| 13:54 | RevientaELP · wall_segment Palisade Wall x7 |
| 15:41 | RevientaELP · wall_segment Palisade Wall x8 |
| 15:52 | RevientaELP · wall_segment Palisade Wall x12 |
| 15:56 | CapoT · wall_segment Palisade Wall x10 |
| 16:09 | RevientaELP · first_building Stable |
| 17:17 | RevientaELP · wall_segment Palisade Wall x6 |
| 18:05 | RevientaELP · wall_segment Palisade Wall x10 |
| 18:29 | RevientaELP · wall_segment Palisade Wall x1 |
| 19:33 | CapoT · first_market_buy 100 food |
| 20:41 | RevientaELP · wall_segment Palisade Wall x10 |
| 21:00 | RevientaELP · wall_segment Palisade Wall x1 |
| 22:21 | CapoT · age_up castle |
| 22:28 | RevientaELP · resign |
[ AI ANALYSIS · 1 CREDIT ]
What really happened in this match?
Wolo.gg analyzes every decision: build order, eco, micro, common mistakes by bracket. Personalized analysis on WhatsApp or Discord in 30 seconds.
Civ guide
Mongols
Perfil
CapoT